 Dungeon Crawl Stone Soup version 0.30.1-4-g462c640d31 (webtiles) character file.

Game seed: 14984214690647784173

403 booth the Trooper (level 6, -1/48 HPs)
             Began as a Demonspawn Fighter on Aug 25, 2023.
             Was a Believer of Fedhas.
             Slain by a water moccasin (5 damage)
             ... on level 5 of the Dungeon.
             The game lasted 00:22:18 (4181 turns).

booth the Trooper (Demonspawn Fighter)              Turns: 4181, Time: 00:22:19

Health: -1/48      AC:  9    Str: 19    XL:     6   Next: 55%
Magic:  6/6        EV: 14    Int: 11    God:    Fedhas [**....]
Gold:   137        SH:  6    Dex: 12    Spells: 5/5 levels left

rFire   . . .        a - +0 war axe (flame)
rCold   . . .        c - +1 buckler
rNeg    + . .        b - +0 scale mail
rPois   .            e - +0 helmet
rElec   .            q - +0 cloak
rCorr   .            (no gloves)
SInv    .            (no boots)
Will    .....        (no amulet) Stlth
                     p - ring of positive energy
HPRegen 0.28/turn    t - +5 ring of evasion
MPRegen 0.20/turn

%: no passive effects
@: mighty, lethally poisoned (-1 -> -7)
A: claws 1, magic regeneration, big brain 1, demonic magic 1
a: Renounce Religion, Wall of Briars


You were on level 5 of the Dungeon.
You worshipped Fedhas.
Fedhas was pleased with you.
You visited 1 branch of the dungeon, and saw 5 of its levels.

You collected 285 gold pieces.
You spent 148 gold pieces at shops.

Inventory:

Hand Weapons
 a - a +0 war axe of flaming (weapon)
 o - a +0 mace
Armour
 b - a +0 scale mail (worn)
 c - a +1 buckler (worn)
 e - a +0 helmet (worn)
 q - a +0 cloak (worn)
Jewellery
 p - a ring of positive energy (left claw)
 t - a +5 ring of evasion (right claw)
 u - a +4 ring of protection
Scrolls
 f - a scroll of fog
 h - 2 scrolls of vulnerability
 i - a scroll of fear
 j - a scroll of magic mapping
 k - 2 scrolls of brand weapon
 l - 2 scrolls of teleportation
 m - a scroll of poison
 n - a scroll of blinking
 r - a scroll of silence {unknown}
 s - a scroll of immolation
Potions
 d - 3 potions of might
 w - a potion of attraction {unknown}
 z - a potion of flight {unknown}
 A - a potion of mutation


   Skills:
 + Level 4.3 Fighting
 * Level 4.0 Axes
 + Level 3.9 Armour
 + Level 3.9 Shields


You had 5 spell levels left.
You didn't know any spells.
Your spell library contained the following spells:

 Spells                   Type           Power      Damage    Failure   Level
 Freeze                   Ice            0%         1d3       78%         1
 Cigotuvi's Dreadful Rot  Necr/Pois/Air  0%         N/A       89%         2
 Frozen Ramparts          Ice            0%         1d1       98%         3
 Hailstorm                Conj/Ice       0%         3d3       98%         3
 Dispel Undead            Necr           0%         3d6       100%        4
 Death Channel            Necr           0%         N/A       100%        6


Dungeon Overview and Level Annotations

Branches:
Dungeon (5/15)
 Temple: D:4-7

Altars:
Fedhas
Okawaru

Shops:
D:3 *


Innate Abilities, Weirdness & Mutations

You have sharp fingernails.
You regenerate magic rapidly.
You have an unusually large brain. (Int +2)
Spells you cast may paralyse adjacent enemies.


Message History

You bump into the rock wall.
You feel very sick. The water moccasin closely misses you.
The orc wizard misses you.
You bump into the rock wall.
You feel very sick. The water moccasin barely misses you.
The orc wizard hits you with a +0 dagger.
* * * LOW HITPOINT WARNING * * *
The water moccasin closely misses you.
You're too confused to move!
* * * LOW HITPOINT WARNING * * *
You feel very sick. The water moccasin bites you!
* * * LOW HITPOINT WARNING * * *
The orc wizard hits you but does no damage.
You feel better. The water moccasin misses you.
The orc wizard gestures wildly while chanting.
The orc wizard flickers and vanishes!
Deactivating autopickup; reactivate with Ctrl-A.
The water moccasin bites you but does no damage.
You feel very mighty all of a sudden. Something hits you but does no damage.
You block the water moccasin's attack.
You closely miss the water moccasin.
The water moccasin is severely wounded.
You miss something. The water moccasin barely misses you.
Something barely misses you. The water moccasin bites you!
* * * LOW HITPOINT WARNING * * *
You are lethally poisoned!
The water moccasin poisons you! Something barely misses you.
You hit the water moccasin. You burn the water moccasin.
The water moccasin is almost dead.
You miss something.
* * * LOW HITPOINT WARNING * * *
You feel very sick. The water moccasin closely misses you.
You hear some strange, mumbled words.
Something tries to affect you, but you resist.
The water moccasin bites you.
You die...
Fedhas appreciates your contribution to the ecosystem.

#.###..#.# ##.##
#........# #.#
######.### #.# #.# ##'##
#.# ##...# #.# ##.....
##.## ##......
..########...####.......
....oo{@So......+.......
#.##o####.....###.......
#.#...# ##......
##.#...# ##.....
#......# ##...#
#..........# ##+##
#####.###### #o ..


You could see a water moccasin and 4 orcs.

Vanquished Creatures
  2 phantoms (D:4)
  A jelly (D:4)
  An orc priest (D:4)
  An orc wizard (D:4)
  3 gnolls (D:4)
  7 adders
  3 dart slugs
  5 orcs
  8 ball pythons
  6 endoplasms
  A giant cockroach (D:1)
  6 hobgoblins
  2 jackals (D:3)
  9 kobolds
  4 quokkas
  5 bats
  5 frilled lizards
  10 goblins
  A rat (D:1)
80 creatures vanquished.

Notes
Turn   | Place    | Note
-------+----------+-------------------------------------------
     0 | D:1      | booth the Demonspawn Fighter began the quest for the Orb.
     0 | D:1      | Reached XP level 1. HP: 18/18 MP: 1/1
   181 | D:1      | Gained mutation: Spells you cast may paralyse adjacent
                  | enemies. [demonic ancestry]
   181 | D:1      | Reached XP level 2. HP: 24/24 MP: 2/2
  1144 | D:2      | Gained mutation: You regenerate magic rapidly. [demonic
                  | ancestry]
  1144 | D:2      | Reached XP level 3. HP: 29/29 MP: 3/3
  1777 | D:3      | Found an iron altar of Okawaru.
  1843 | D:3      | Gained mutation: You have sharp fingernails. [demonic
                  | ancestry]
  1843 | D:3      | Reached XP level 4. HP: 34/35 MP: 4/4
  2021 | D:3      | Found a faded altar of an unknown god.
  2036 | D:3      | Prayed at the altar of an unknown god.
  2036 | D:3      | Became a worshipper of Fedhas Madash
  2036 | D:3      | Reached * piety under Fedhas
  2317 | D:3      | Found Qas Iriwu's General Store.
  2345 | D:3      | Bought a scroll of enchant armour for 82 gold pieces
  2345 | D:3      | Bought a scroll of identify for 22 gold pieces
  2345 | D:3      | Bought a scroll of identify for 22 gold pieces
  2345 | D:3      | Bought a scroll of identify for 22 gold pieces
  3093 | D:4      | Reached XP level 5. HP: 37/42 MP: 5/5
  3228 | D:4      | Noticed a phantom
  3234 | D:4      | Killed a phantom
  3269 | D:4      | Reached ** piety under Fedhas
  3291 | D:4      | Noticed a phantom
  3316 | D:4      | Killed a phantom
  3317 | D:4      | Gained mutation: You have an unusually large brain. (Int
                  | +2) [demonic ancestry]
  3317 | D:4      | Reached XP level 6. HP: 37/48 MP: 6/6
  4013 | D:5      | Entered Level 5 of the Dungeon
  4160 | D:5      | Noticed a water moccasin
  4177 | D:5      | HP: 2/48 [water moccasin (8)]
  4181 | D:5      | Slain by a water moccasin

Illustrated notes

Levels and vault maps discovered:
D:1:      dpeg_arrival_court, layout_basic, minmay_tetromino_o2
D:2:      layout_rooms
D:3:      layout_basic, lemuel_doored_altar, hellmonk_ecumenical_altar_run_dry,
          serial_shops, shop, grunt_decor_junction, wad_floor_pattern_untrapped
D:4:      layout_cave_pods, serial_column_ruins, column_ruins_hut,
          column_ruins_square_huge, column_ruins_grid_1,
          column_ruins_corridor_straight, column_ruins_open_tiny
D:5:      layout_loops_corners, lightli_temple_of_fire, feat_on_display,
          uniq_grinder

Skill      XL: |  1  2  3  4  5  6 |
---------------+-------------------+-----
Axes           | 2 3 4 |  4.0
Armour         | 3 |  3.9
Shields        | 3 |  3.9
Fighting       | 4 |  4.3

Action                     |  1- 3 |  4- 6 || total
---------------------------+-------+-------++-------
  Melee: War axe           |   106 |   144 ||   250
    Use: Scroll            |     7 |     7 ||    14
         Potion            |     1 |     4 ||     5
 Armour: Scale mail        |    55 |    79 ||   134
  Dodge: Dodged            |    57 |    71 ||   128
  Block: Buckler           |    25 |    46 ||    71
